Map: New Gettysburg LE

Players

Joel - Winner!

  • Race: Protoss Protoss
  • League: Gold
  • Spawn Location: 5:00

Fropez

  • Race: Protoss Protoss
  • League: Gold
  • Spawn Location: 7:00

VOD

Have the link to the VOD?

Description

Time

  • Played on: Nov. 7, 2016, 6:48 p.m.
  • Length: 17:16
Show
View Real Time Build Order
Export as new Build Order

Joel Protoss - Winner!

Build Orders:  

Get SALT Encoding   

  12  0:02  Probe (Chrono Boost)  
  13  0:13  Probe (Chrono Boost)  
  14  0:19  Pylon  
  14  0:25  Pylon  
  14  0:26  Probe (Chrono Boost)  
  15  0:32  Assimilator  
  15  0:43  Probe (Chrono Boost)  
  15  0:49  Gateway  
  16  0:53  Probe (Chrono Boost)  
  18  1:04  Probe (Chrono Boost)  
  18  1:10  Forge  
  18  1:14  Probe (Chrono Boost)  
  19  1:25  Probe (Chrono Boost)  
  20  1:31  Pylon  
  20  1:33  Assimilator  
  20  1:39  Cybernetics Core  
  20  1:46  Probe (Chrono Boost)  
  21  1:52  Protoss Ground Weapons Level 1 (Chrono Boost)  
  21  1:57  Probe (Chrono Boost)  
  22  2:09  Photon Cannon  
  22  2:13  Photon Cannon  
  22  2:19  Mothership Core (Chrono Boost)  
  24  2:31  Adept  
  26  2:53  Gateway  
  26  2:54  Gateway  
  26  3:01  Twilight Council  
  26  3:10  Warp Gate  
  26  3:20  Adept  
  25  4:11  Pylon  
  25  4:14  Pylon  
  25  4:24  Pylon  
  25  4:29  Adept x2  
  29  4:34  Nexus  
  29  4:35  Protoss Ground Armor Level 1 (Chrono Boost)  
  29  4:39  Pylon  
  29  4:47  Adept  
  29  4:52  Resonating Glaives (Chrono Boost)  
  31  5:20  Photon Cannon  
  30  5:28  Probe  
  30  5:40  Probe, Stalker x2  
  35  5:45  Sentry  
  37  5:52  Probe  
  37  5:55  Gateway  
  38  5:57  Gateway  
  38  5:59  Probe  
  39  6:04  Probe  
  40  6:23  Stalker x3  
  41  6:49  Stalker x3  
  47  6:54  Probe  
  47  6:55  Probe  
  49  7:07  Probe  
  50  7:16  Adept  
  50  7:17  Adept x2  
  50  7:18  Probe  
  57  7:42  Probe  
  57  7:44  Probe  
  59  7:48  Robotics Facility  
  59  7:50  Gateway  
  57  7:56  Probe  
  57  7:57  Pylon  
  44  8:43  Stalker x3  
  44  8:44  Stalker x2  
  58  9:00  Probe x2  
  60  9:07  Pylon  
  60  9:10  Pylon  
  60  9:12  Probe x2  
  60  9:24  Probe x2  
  60  9:45  Stalker  
  60  9:46  Stalker x2  
  60  9:47  Stalker  
  65  10:11  Immortal (Chrono Boost)  
  65  10:15  Pylon  
  65  10:18  Pylon  
  65  10:22  Robotics Facility  
  65  10:23  Assimilator  
  65  10:24  Assimilator, Blink  
  65  10:31  Pylon  
  65  10:34  Mothership Core  
  67  10:39  Photon Cannon  
  67  10:56  Immortal (Chrono Boost)  
  71  11:17  Sentry  
  73  11:21  Sentry  
  72  11:46  Immortal (Chrono Boost)  
  76  12:14  Stalker x3  
  82  12:20  Observer (Chrono Boost)  
  83  12:35  Nexus, Stalker  
  85  12:42  Pylon  
  84  13:00  Immortal (Chrono Boost)  
  88  13:12  Immortal (Chrono Boost)  
  92  13:17  Pylon  
  91  13:35  Immortal (Chrono Boost)  
  95  13:53  Nexus  
  95  13:56  Pylon  
  95  13:59  Photon Cannon  
  95  14:00  Photon Cannon  
  95  14:02  Photon Cannon, Protoss Ground Weapons Level 2 (Chrono Boost)  
  95  14:06  Charge (Chrono Boost)  
  95  14:14  Stalker x4  
  101  14:33  Probe x2  
  101  14:37  Assimilator  
  103  14:45  Probe x2  
  105  14:57  Probe x2  
  107  15:04  Stalker  
  109  15:09  Pylon, Probe x2  
  111  15:18  Immortal  
  99  15:48  Stalker  
  99  15:49  Stalker x4  
  105  16:16  Immortal  
  105  16:23  Stalker x2  
  105  16:24  Stalker x2  
Show
View Real Time Build Order
Export as new Build Order

Fropez Protoss 

Build Orders:  

Get SALT Encoding   

  12  0:01  Probe (Chrono Boost)  
  13  0:12  Probe (Chrono Boost)  
  14  0:18  Pylon  
  14  0:22  Probe (Chrono Boost)  
  15  0:36  Probe (Chrono Boost)  
  15  0:38  Gateway  
  16  0:47  Probe (Chrono Boost)  
  17  0:50  Assimilator  
  17  0:57  Probe (Chrono Boost)  
  18  1:05  Gateway  
  18  1:08  Probe (Chrono Boost)  
  20  1:18  Probe (Chrono Boost)  
  20  1:22  Gateway  
  20  1:31  Cybernetics Core  
  20  1:35  Probe (Chrono Boost)  
  21  1:45  Probe (Chrono Boost)  
  22  1:50  Pylon  
  22  2:00  Pylon  
  23  2:01  Probe (Chrono Boost)  
  23  2:05  Assimilator  
  23  2:16  Adept  
  23  2:17  Adept  
  23  2:18  Adept  
  23  2:19  Warp Gate  
  29  2:26  Probe (Chrono Boost)  
  30  2:39  Mothership Core (Chrono Boost)  
  30  2:43  Adept  
  34  2:46  Adept  
  34  2:50  Adept  
  38  3:00  Probe (Chrono Boost)  
  39  3:13  Pylon  
  39  3:17  Pylon  
  39  3:31  Adept, Probe (Chrono Boost)  
  42  3:42  Probe (Chrono Boost)  
  37  4:22  Twilight Council  
  37  4:24  Probe (Chrono Boost)  
  37  4:30  Pylon  
  38  4:35  Nexus  
  38  4:37  Pylon, Stalker x3  
  44  4:43  Probe (Chrono Boost)  
  37  5:23  Stalker x3  
  37  5:24  Probe (Chrono Boost)  
  44  5:34  Probe (Chrono Boost)  
  45  5:42  Resonating Glaives (Chrono Boost)  
  45  5:43  Assimilator  
  45  5:45  Assimilator  
  45  5:48  Adept x2, Pylon  
  45  5:49  Adept  
  51  5:51  Pylon  
  51  5:59  Probe  
  51  6:00  Probe  
  51  6:12  Probe  
  51  6:13  Stalker x3  
  58  6:20  Pylon  
  56  6:43  Probe  
  56  6:45  Probe  
  56  6:50  Forge x2  
  56  6:54  Probe  
  56  6:59  Gateway  
  56  7:00  Gateway  
  57  7:03  Stalker x2  
  57  7:04  Stalker  
  63  7:09  Probe  
  63  7:10  Probe  
  65  7:18  Blink (Chrono Boost)  
  65  7:20  Probe  
  66  7:29  Stalker x2  
  70  7:32  Stalker  
  72  7:54  Protoss Ground Weapons Level 1, Protoss Ground Armor Level 1  
  68  8:15  Adept x3  
  68  8:16  Adept x2  
  74  8:29  Mothership Core  
  63  8:43  Stalker x5  
  61  9:26  Probe  
  61  9:27  Probe  
  53  10:01  Stalker x2  
  53  10:02  Stalker x3  
  63  10:08  Protoss Ground Armor Level 2, Protoss Ground Weapons Level 2  
  63  10:22  Probe, Templar Archives  
  63  10:23  Probe  
  63  10:25  Gateway  
  63  10:26  Gateway  
  65  10:48  Stalker x2  
  65  10:49  Stalker x2  
  73  10:59  Probe  
  73  11:00  Probe  
  75  11:09  Probe  
  76  11:12  Probe  
  77  11:19  High Templar  
  77  11:20  High Templar x4  
  77  11:23  Archon  
  77  11:24  Archon  
  85  11:52  Adept x4  
  85  11:53  Adept x3  
  99  12:00  Probe  
  99  12:02  Probe  
  97  12:14  Probe  
  94  12:24  High Templar x3  
  94  12:25  High Templar x4  
  94  12:28  Archon x2  
  94  12:29  Archon  
  108  12:30  Archon  
  108  12:37  Protoss Shields Level 1 (Chrono Boost)  
  98  13:35  Probe  
  98  13:36  Probe  
  100  13:45  High Templar x4  
  108  13:49  Archon x2  
  108  14:04  Nexus  
  108  14:13  Nexus  
  108  14:16  Pylon  
  108  14:18  Pylon  
  108  14:20  Stalker  
  110  14:25  Pylon x2  
  110  14:27  Pylon  
  110  14:28  Pylon  
  110  14:29  Assimilator  
  104  14:33  Protoss Ground Armor Level 3 (Chrono Boost)  
  104  14:35  Protoss Ground Weapons Level 3 (Chrono Boost), Assimilator  
  104  14:36  Pylon  
  96  14:40  Pylon  
  96  14:49  Pylon  
  96  14:54  Pylon  
  96  15:04  Probe x2  
  98  15:26  Photon Cannon  
  98  15:29  Pylon  
  98  15:34  Photon Cannon  
  98  15:36  Photon Cannon  
  73  15:44  Photon Cannon  
  59  16:06  High Templar x4  
  65  16:11  Assimilator  
  65  16:13  Assimilator  
  59  16:20  Archon x2  
  59  16:23  Zealot  
  59  16:24  Zealot x2  
  65  16:34  Probe  
  66  16:45  Probe  
  67  16:54  Zealot x6  
Tags
 
League
GoldGold
Matchup
PvP
Replay Pack
All Mines
Spawn Locations
Close Positions
Add a new tag
Caveats
  • Supply blocks, unpowered buildings, or Contaminate may cause inaccurate times.
  • Supply counts are checked every 10 seconds.